Map: Oblivion Express

Players

ShaYtan

  • Race: Protoss Protoss
  • Spawn Location: 0:00

NamroodTuo

  • Race: Zerg Zerg

VOD

Have the link to the VOD?

Description

Time

  • Played on: March 19, 2023, 5:06 a.m.
  • Length: 26:44
Show
View Real Time Build Order
Export as new Build Order

ShaYtan Protoss 

Build Orders:  

Get SALT Encoding   

  12  0:03  Probe (Chrono Boost)  
  13  0:16  Probe (Chrono Boost)  
  14  0:27  Pylon  
  14  0:32  Probe (Chrono Boost)  
  15  0:52  Probe (Chrono Boost)  
  15  0:55  Assimilator  
  16  1:02  Assimilator  
  16  1:06  Pylon  
  16  1:09  Probe (Chrono Boost)  
  17  1:23  Probe (Chrono Boost)  
  18  1:37  Probe (Chrono Boost)  
  19  1:41  Gateway  
  19  1:51  Probe (Chrono Boost)  
  19  1:57  Forge  
  20  2:05  Probe (Chrono Boost)  
  21  2:18  Probe (Chrono Boost)  
  22  2:32  Probe (Chrono Boost)  
  22  2:38  Gateway  
  23  2:41  Pylon  
  23  2:50  Cybernetics Core  
  23  2:54  Pylon  
  23  2:58  Probe (Chrono Boost)  
  24  3:12  Probe (Chrono Boost)  
  25  3:26  Probe (Chrono Boost)  
  26  3:45  Gateway  
  26  3:49  Pylon  
  26  3:57  Pylon  
  26  3:58  Probe (Chrono Boost)  
  27  4:05  Dragoon x2  
  31  4:12  Probe (Chrono Boost)  
  32  4:20  Pylon  
  32  4:57  Dragoon  
  32  4:58  Dragoon x2  
  38  5:17  Cybernetics Core  
  38  5:28  Protoss Air Weapons Level 1  
  38  5:34  Protoss Ground Weapons Level 1  
  38  6:22  Nexus  
  38  6:23  Dragoon  
  38  6:24  Dragoon x2  
  44  7:02  Assimilator  
  44  7:08  Assimilator  
  44  7:36  Dragoon, Forge  
  44  7:37  Dragoon x2  
  50  7:52  Gateway  
  50  8:04  Stargate  
  50  8:13  Protoss Shields Level 1  
  50  8:41  Protoss Ground Armor Level 1  
  50  8:48  Probe (Chrono Boost)  
  51  9:02  Probe (Chrono Boost)  
  52  9:16  Probe (Chrono Boost)  
  53  9:36  Dragoon  
  53  9:37  Dragoon x2  
  53  9:38  Dragoon  
  61  9:51  Fleet Beacon  
  61  9:54  Probe (Chrono Boost)  
  62  10:07  Probe (Chrono Boost)  
  63  10:20  Dragoon x2  
  63  10:21  Probe (Chrono Boost), Dragoon x2  
  70  11:02  Twilight Council  
  70  11:18  Probe (Chrono Boost)  
  71  11:29  Pylon  
  71  11:30  Pylon  
  71  11:32  Probe (Chrono Boost)  
  71  11:33  Pylon  
  72  11:46  Probe (Chrono Boost)  
  73  11:55  Robotics Facility  
  73  11:59  Probe (Chrono Boost), Photon Cannon  
  73  12:03  Photon Cannon  
  74  12:13  Probe (Chrono Boost)  
  73  13:43  Protoss Ground Weapons Level 2, Protoss Ground Armor Level 2  
  73  13:51  Singularity Charge  
  73  14:03  Gateway  
  73  14:05  Gateway  
  73  14:09  Gateway  
  73  14:20  Robotics Bay  
  73  14:27  Pylon  
  73  14:29  Pylon  
  65  14:32  Pylon  
  65  14:33  Pylon  
  65  14:37  Pylon  
  65  14:38  Pylon  
  65  14:39  Pylon  
  61  14:51  Charge  
  49  15:02  Dragoon x2  
  49  15:03  Dragoon x2  
  45  15:49  Dragoon x2  
  49  15:50  Dragoon x2  
  49  15:51  Dragoon x2  
  49  15:52  Dragoon  
  43  16:25  Dragoon  
  43  16:26  Dragoon x2  
  43  16:27  Dragoon  
  43  16:29  Dragoon x2  
  53  16:30  Dragoon  
  55  17:06  Dragoon  
  55  17:07  Dragoon x2  
  55  17:08  Dragoon x2  
  65  17:16  Probe (Chrono Boost)  
  66  17:30  Probe (Chrono Boost)  
  67  17:42  Dragoon  
  67  17:43  Probe (Chrono Boost), Dragoon  
  67  17:49  Zealot  
  74  17:53  Zealot  
  74  17:57  Probe (Chrono Boost)  
  77  18:11  Probe (Chrono Boost)  
  76  18:25  Dragoon  
  76  18:26  Dragoon x2  
  76  18:27  Dragoon  
  76  18:28  Dragoon  
  84  18:53  Dragoon x2  
  84  18:58  Dragoon  
  84  18:59  Dragoon  
  92  19:01  Dragoon  
  92  19:09  Probe (Chrono Boost)  
  95  19:23  Probe (Chrono Boost)  
  96  19:32  Protoss Shields Level 2  
  96  19:34  Protoss Ground Weapons Level 3  
  96  19:37  Probe (Chrono Boost)  
  97  19:51  Probe (Chrono Boost)  
  98  20:04  Probe (Chrono Boost)  
  98  20:05  Dragoon  
  98  20:06  Dragoon  
  98  20:07  Dragoon x2  
  98  20:08  Dragoon  
  109  20:12  Dragoon  
  111  20:46  Dragoon  
  111  20:47  Dragoon x2  
  111  20:48  Dragoon  
  111  20:49  Dragoon  
  121  20:50  Dragoon  
  121  21:38  Dragoon x2  
  121  21:39  Dragoon x2  
  129  21:40  Dragoon x2  
  129  21:41  Dragoon  
  135  22:27  Improved Barrier  
  135  22:36  Pylon x2  
  135  22:39  Pylon  
  135  22:40  Pylon  
  135  22:42  Protoss Ground Armor Level 3  
  135  23:13  Dragoon x2  
  135  23:14  Dragoon x2  
  135  23:15  Dragoon  
  135  23:16  Dragoon x2  
  149  24:19  Dragoon x2  
  151  24:20  Dragoon x2  
  151  24:21  Dragoon x2  
  151  24:22  Dragoon  
  151  25:26  Dragoon x3  
  151  25:27  Dragoon x2  
  151  25:28  Dragoon x2  
  149  26:18  Dragoon  
  149  26:19  Dragoon x2  
  155  26:20  Dragoon  
  155  26:22  Dragoon  
  155  26:23  Dragoon  
  155  26:24  Dragoon  
Show
View Real Time Build Order
Export as new Build Order

NamroodTuo Zerg 

Build Orders:  

Get SALT Encoding   

  12  0:12  Overlord  
  12  0:19  Infested SCV  
  13  0:37  Infested Barracks  
  13  0:43  Infested SCV  
  14  1:00  Infested SCV x2  
  14  1:03  Infested SCV  
  17  1:16  Infested Refinery  
  17  1:21  Infested Refinery  
  17  1:26  Infested SCV  
  18  1:47  Infestation Level 1  
  18  2:01  Infested SCV  
  18  2:02  Infested SCV  
  20  2:10  Overlord  
  20  2:29  Infested SCV  
  21  2:40  Infested SCV  
  21  2:42  Infested SCV  
  21  2:45  Infested Barracks Tech Lab  
  23  2:58  Infested SCV  
  24  3:14  Infested SCV  
  25  3:47  Anaerobic Enhancement  
  25  3:49  Infested Engineering Bay  
  25  3:51  Infested SCV x2  
  27  4:10  Retinal Augmentation  
  27  4:14  Overlord  
  27  4:22  Infested Marine x3  
  27  4:23  Infested Marine  
  29  5:04  Infested Command Center  
  29  5:13  Stukov Infantry Weapons Level 1  
  33  5:30  Infested Bunker  
  33  5:35  Infested Marine  
  33  5:36  Infested Marine x5  
  37  6:02  Overlord x4  
  34  6:30  Infested SCV x2  
  36  6:53  Infested SCV x2  
  38  7:10  Infested Barracks  
  38  7:18  Infested Bunker  
  38  7:19  Infested SCV  
  40  7:34  Infested SCV x3  
  43  7:45  Infested Refinery  
  43  7:53  Regenerative Plating  
  43  7:55  Infested SCV x2  
  43  7:56  Infested SCV x2  
  47  8:18  Infestation Level 2  
  47  8:36  Infested Factory  
  47  8:49  Infested Marine x5  
  52  8:50  Infested Marine x12  
  52  8:53  Stukov Infantry Armor Level 1  
  64  9:01  Unknown  
  64  9:39  Infested SCV x3  
  67  9:40  Infested SCV x2  
  67  9:44  Infested Refinery  
  69  10:08  Infested Armory  
  69  10:26  Infested SCV x2  
  69  10:27  Infested SCV  
  55  10:33  Overlord x3  
  55  10:34  Overlord, Infested SCV  
  56  10:52  Infested Bunker  
  60  11:10  Infested SCV x2  
  60  11:15  Infested SCV  
  63  11:23  Aggressive Incubation  
  63  11:32  Stukov Vehicle and Ship Weapons Level 1  
  63  11:33  Stukov Infantry Weapons Level 2  
  63  11:50  Infested Bunker  
  71  12:04  Infested Marine  
  71  12:05  Infested Marine x13  
  85  12:27  Infested Marine  
  85  12:28  Infested Marine x9  
  85  12:29  Infested Marine x21  
  116  12:38  Infested Bunker  
  116  13:19  Infestation Level 3  
  102  13:55  Infested Missile Turret  
  75  14:12  Stukov Vehicle and Ship Armor Level 1  
  75  14:24  Infested SCV  
  75  14:25  Infested SCV x3  
  79  14:43  Calcified Armor  
  87  14:58  Infested Marine x6  
  87  14:59  Infested Marine x20, Infested Bunker  
  113  15:00  Infested Marine x5  
  118  15:10  Infested Bunker x2  
  104  15:43  Stukov Infantry Armor Level 2  
  98  16:13  Infested Marine  
  98  16:14  Infested Marine x8  
  98  16:15  Infested Marine x11  
  91  16:52  Infested Factory Tech Lab  
  90  17:00  Stukov Vehicle and Ship Weapons Level 2  
  98  17:22  Infested Bunker  
  80  18:09  Infested Bunker  
  80  18:17  Infested Marine  
  80  18:18  Infested Marine x18  
  80  18:19  Infested Marine x10  
  109  18:21  Overlord  
  109  18:22  Overlord x5  
  109  18:23  Overlord x4  
  109  18:44  Infested Siege Tank x3  
  109  18:47  Infested Siege Tank x2  
  124  18:53  Stukov Infantry Weapons Level 3  
  132  19:33  Infested Bunker  
  123  19:54  Infested Siege Tank x3  
  108  20:09  Infested Marine  
  109  20:10  Stukov Vehicle and Ship Armor Level 2, Infested Marine x17  
  109  20:11  Infested Marine x8  
  109  20:19  Infested Marine  
  135  20:20  Infested Marine x16  
  135  20:21  Infested Marine  
  152  20:36  Infested Marine  
  152  20:37  Infested Marine x5  
  147  21:25  Infested Missile Turret  
  112  22:14  Infested Siege Tank x3  
  112  22:15  Infested Siege Tank x2  
  123  22:28  Saturated Cultures  
  123  22:33  Stukov Infantry Armor Level 3  
  123  22:49  Infested Marine  
  124  22:50  Infested Marine x10  
  124  22:51  Infested Marine x20  
  124  22:52  Infested Marine x9  
  163  23:11  Infested Marine  
  163  23:12  Infested Marine x7  
  171  23:28  Automated Mitosis  
  171  23:32  Infested Barracks  
  171  23:35  Infested Barracks  
  130  24:42  Infested Marine x4  
  130  24:43  Infested Marine x22  
  130  24:44  Infested Marine x16  
  130  24:45  Infested Marine  
  166  25:01  Infested Marine x6  
  166  25:02  Infested Marine x8  
  166  25:09  Infested Marine x4  
  175  25:10  Infested Marine  
  174  25:31  Infested Marine  
  174  25:32  Infested Marine x18  
  186  26:13  Infested Marine x2  
  186  26:14  Infested Marine x19  
  186  26:16  Infested Marine  
Tags
 
Commander
ArtanisStukov
Matchup
Co-op
Replay Pack
Multiplayer
Add a new tag
Caveats
  • Supply blocks, unpowered buildings, or Contaminate may cause inaccurate times.
  • Supply counts are checked every 10 seconds.